Map: Acropolis LE

Players

Cham - Winner!

  • Race: Zerg Zerg
  • Spawn Location: 11:00

Hellraiser

  • Race: Protoss Protoss
  • Spawn Location: 5:00

VOD

Have the link to the VOD?

Description

Time

  • Played on: Sept. 7, 2019, 11:20 a.m.
  • Length: 7:13
Show
View Real Time Build Order
Export as new Build Order

Cham Zerg - Winner!

Build Orders: Hatch First 

Get SALT Encoding   

  12  0:00  Drone  
  13  0:08  Drone  
  14  0:17  Overlord  
  14  0:36  Drone x2  
  16  0:52  Drone  
  16  0:53  Hatchery  
  16  1:05  Spawning Pool  
  16  1:08  Drone  
  16  1:11  Drone  
  16  1:15  Extractor  
  16  1:16  Drone  
  17  1:23  Drone  
  18  1:32  Drone  
  19  1:52  Zergling x4  
  21  2:01  Overlord  
  21  2:04  Queen  
  21  2:05  Queen  
  21  2:06  Drone  
  26  2:17  Metabolic Boost  
  26  2:19  Drone x2  
  28  2:24  Drone  
  29  2:36  Overlord  
  29  2:37  Drone x2  
  31  2:47  Hatchery  
  30  2:53  Drone x2  
  30  2:58  Queen  
  34  3:02  Drone x2  
  36  3:07  Drone  
  36  3:12  Overlord  
  37  3:18  Drone  
  38  3:23  Overlord  
  39  3:27  Drone x4  
  39  3:29  Spore Crawler  
  39  3:31  Drone x2  
  39  3:32  Drone  
  44  3:36  Drone  
  44  3:40  Queen  
  47  3:45  Drone x2  
  49  3:50  Spore Crawler  
  49  3:52  Overlord  
  48  3:58  Drone x2  
  48  4:00  Drone x2  
  48  4:02  Drone x2  
  54  4:07  Queen  
  54  4:08  Drone  
  57  4:10  Drone  
  57  4:11  Drone  
  57  4:13  Drone  
  60  4:17  Overlord  
  60  4:21  Drone x2  
  62  4:26  Lair  
  62  4:28  Roach Warren  
  62  4:29  Drone x2  
  63  4:35  Drone x3  
  63  4:36  Drone x2  
  63  4:37  Drone x2  
  70  4:42  Overlord  
  70  4:43  Drone  
  71  4:49  Extractor  
  71  4:50  Overlord, Extractor x3  
  67  4:53  Drone x2  
  67  4:55  Overlord  
  68  5:01  Drone x2  
  68  5:02  Zergling x4  
  68  5:03  Zergling x6  
  75  5:10  Overlord  
  75  5:12  Zergling x4  
  75  5:13  Overlord x2  
  77  5:17  Zergling x2  
  78  5:22  Overlord  
  78  5:23  Glial Reconstitution  
  78  5:25  Zergling x4  
  78  5:27  Roach x4, Nydus Network  
  87  5:35  Roach x3  
  93  5:37  Roach  
  93  5:38  Overlord  
  93  5:39  Roach  
  93  5:42  Roach  
  99  5:43  Overlord  
  99  5:47  Roach x2  
  103  5:51  Roach  
  103  5:56  Roach  
  106  5:58  Roach x3  
  106  6:02  Roach x2  
  113  6:05  Roach x2  
  115  6:18  Nydus Canal  
  114  6:19  Roach x3  
  114  6:21  Roach  
  114  6:22  Roach x2  
  114  6:23  Roach x2  
  128  6:25  Overlord  
  128  6:29  Overlord  
  128  6:33  Nydus Canal  
  128  6:35  Roach x5  
  138  6:44  Roach  
  144  6:47  Roach x2  
  144  6:49  Roach x2  
  144  6:51  Nydus Canal, Zergling x2  
  144  6:54  Zergling x2  
Show
View Real Time Build Order
Export as new Build Order

Hellraiser Protoss 

Build Orders: Nexus First, Oracle Opening 

Get SALT Encoding   

  12  0:00  Probe  
  13  0:12  Probe  
  14  0:20  Pylon  
  14  0:24  Probe  
  15  0:35  Probe  
  16  0:43  Probe  
  17  1:01  Nexus  
  17  1:04  Probe  
  18  1:14  Gateway, Probe  
  19  1:22  Probe  
  19  1:26  Assimilator  
  19  1:31  Assimilator  
  20  1:33  Probe  
  21  1:42  Pylon  
  21  1:45  Probe  
  22  1:57  Probe  
  23  2:01  Cybernetics Core  
  23  2:03  Zealot  
  23  2:06  Probe  
  25  2:09  Probe  
  25  2:15  Probe  
  27  2:17  Probe  
  29  2:23  Probe  
  29  2:27  Probe  
  31  2:35  Probe  
  32  2:37  Pylon  
  32  2:38  Stalker  
  32  2:40  Probe  
  34  2:46  Stargate  
  34  2:47  Warp Gate  
  34  2:49  Probe  
  35  2:53  Probe  
  36  3:01  Pylon, Probe  
  36  3:03  Probe  
  38  3:11  Probe  
  38  3:13  Probe  
  38  3:15  Pylon  
  38  3:19  Probe  
  40  3:20  Oracle  
  40  3:21  Assimilator  
  40  3:26  Probe  
  42  3:31  Probe  
  42  3:34  Twilight Council  
  46  3:37  Gateway  
  46  3:38  Probe  
  47  3:43  Probe  
  47  3:44  Gateway  
  48  3:50  Gateway  
  48  3:51  Probe  
  48  3:54  Oracle  
  49  3:56  Gateway  
  49  4:02  Resonating Glaives  
  52  4:05  Probe  
  52  4:08  Gateway  
  53  4:13  Probe  
  54  4:20  Assimilator  
  54  4:22  Pylon, Probe  
  55  4:25  Probe  
  55  4:30  Oracle  
  56  4:34  Probe  
  61  4:41  Pylon, Adept x3  
  61  4:42  Probe  
  67  4:57  Nexus  
  67  4:59  Pylon  
  67  5:04  Adept x2  
  71  5:08  Adept  
  71  5:11  Adept  
  75  5:16  Adept  
  77  5:21  Adept  
  77  5:25  Pylon  
  77  5:26  Adept x2  
  83  5:32  Adept  
  85  5:42  Robotics Facility  
  85  5:45  Forge  
  85  5:47  Adept  
  87  5:51  Adept  
  87  5:52  Probe  
  87  5:54  Zealot  
  90  6:02  Probe  
  89  6:04  Probe  
  90  6:14  Probe  
  90  6:15  Gateway, Sentry x4  
  90  6:17  Immortal  
  95  6:28  Shield Battery  
  95  6:30  Shield Battery  
  99  6:42  Zealot x2, Stalker x3  
  97  6:57  Zealot  
  97  6:58  Probe x2  
Tags
 
Add a new tag
Caveats
  • Supply blocks, unpowered buildings, or Contaminate may cause inaccurate times.
  • Supply counts are checked every 10 seconds.